 Dungeon Crawl Stone Soup version 0.30.0-13-g156ef70053 (webtiles) character file.

Game seed: 2421076366149943128

187 Chodeload the Shield-Bearer (level 5, -2/40 HPs)
             Began as a Barachi Wanderer on May 17, 2023.
             Slain by Natasha (7 damage)
             ... on level 3 of the Dungeon.
             The game lasted 00:03:53 (2090 turns).

Chodeload the Shield-Bearer (Barachi Wanderer)      Turns: 2090, Time: 00:03:53

Health: -2/40      AC:  8    Str: 13    XL:     5   Next: 66%
Magic:  6/6        EV: 10    Int: 12    God:
Gold:   158        SH:  5    Dex: 14    Spells: 5/6 levels left

rFire   . . .        b - +3 dagger
rCold   + . .        l - +0 buckler
rNeg    + . .        i - +0 ring mail
rPois   .            (no helmet)
rElec   .            (no cloak)
rCorr   .            f - +2 pair of gloves
SInv    .            (no boots)
Will    .....        (no amulet)
Stlth   +            j - ring of protection from cold
HPRegen 0.26/turn    m - ring of positive energy
MPRegen 0.10/turn

%: no passive effects
@: slow
A: amphibious, slowness 1, strong legs 1, +LOS
a: Hop


You were on level 3 of the Dungeon.
You visited 1 branch of the dungeon, and saw 3 of its levels.

You collected 158 gold pieces.

Inventory:

Hand Weapons
 a - a +0 mace of protection
 b - a +3 dagger (weapon)
Armour
 f - a +2 pair of gloves (worn)
 i - a +0 ring mail (worn)
 l - a +0 buckler (worn)
Jewellery
 j - a ring of protection from cold (left hand)
 m - a ring of positive energy (right hand)
Scrolls
 d - a scroll of poison {unknown}
 e - 5 scrolls of identify {unknown}
 o - a scroll of blinking {unknown}
 p - a scroll of fog {unknown}
Potions
 c - a potion of curing
 g - a potion of resistance {unknown}
 k - a potion of mutation {unknown}
 n - a potion of lignification {unknown}


   Skills:
 + Level 2.8 Fighting
 - Level 3.2 Short Blades
 - Level 3.0 Armour
 + Level 2.5 Dodging
 + Level 3.6 Shields
 - Level 1.1 Spellcasting
 - Level 3.2 Poison Magic
 - Level 1.1 Evocations


You had 5 spell levels left.
You knew the following spells:

 Your Spells              Type           Power      Damage    Failure   Level
a - Sting                 Tmut/Pois      16%        1d3       38%         1

Your spell library contained the following spells:

 Spells                   Type           Power      Damage    Failure   Level
 Beastly Appendage        Tmut           0%         N/A       63%         1
 Static Discharge         Conj/Air       0%         2-2/arc   77%         2
 Wereblood                Tmut           0%         N/A       77%         2
 Spider Form              Tmut/Pois      4%         N/A       77%         3
 Ignite Poison            Fire/Tmut/Pois 3%         N/A       85%         3
 Airstrike                Air            0%         2d(0-16)  100%        4
 Summon Lightning Spire   Summ/Air       0%         N/A       100%        4


Dungeon Overview and Level Annotations

Branches:
Dungeon (3/15)

Altars:

Annotations:
D:3 Natasha


Innate Abilities, Weirdness & Mutations

You are amphibious.
You cover ground slowly.
You can hop short distances.
You have an extended range of vision and can be seen from far away.


Message History

You barely miss Natasha.
Natasha is severely wounded.
The cerulean imp hits you but does no damage.
Natasha claws you.
You hit Natasha.
You kill Natasha!
Natasha screams in fury as she dies!
The cerulean imp disappears in a puff of smoke!
Training target 3.0 for Armour reached!
Your Armour skill increases to level 3!
You see here the felid corpse of Natasha.
Natasha, Servant of Life and Death comes into view.
Natasha casts a spell at you. You resist with some effort.
You see here a poisoned dart.
You hit Natasha but do no damage. Natasha casts a spell at you.
The magic dart hits you.
You hit Natasha but do no damage. Natasha barely misses you.
You hit Natasha.
Natasha is heavily wounded.
You block Natasha's attack.
You hit Natasha.
Natasha is heavily wounded.
Natasha claws you but does no damage.
You barely miss Natasha.
Natasha is heavily wounded.
Natasha claws you!
* * * LOW HITPOINT WARNING * * *
You barely miss Natasha.
Natasha is heavily wounded.
Natasha casts a spell at you. The magic dart hits you!
* * * LOW HITPOINT WARNING * * *
You hit Natasha.
Natasha is severely wounded.
You closely miss Natasha.
Natasha is severely wounded.
Natasha claws you!
You die...

. # #........$.
..####.##)#######...
...................
##..#.##†##########
#...##.# ###..#.#
#....#####
.......#......#####
###### #@..........
#h.####.#.<#
#####.......#.
###.............#
#...............#
#......#......#.#
#......#......# .
#......#........
####.###.####.#..


You could see Natasha.

Vanquished Creatures
  Natasha (twice) (D:3)
  An orc wizard (D:3)
  5 adders
  3 dart slugs (D:2)
  4 orcs (D:3)
  5 endoplasms
  A giant cockroach (D:1)
  5 goblins
  6 hobgoblins
  4 jackals (D:1)
  4 quokkas
  6 ball pythons
  5 bats
  2 frilled lizards
  4 kobolds
  A rat (D:1)
58 creatures vanquished.

Notes
Turn   | Place    | Note
-------+----------+-------------------------------------------
     0 | D:1      | Chodeload the Barachi Wanderer began the quest for the Orb.
     0 | D:1      | Chodeload set off with the following items: a +0 short
                  | sword, a +0 buckler, a potion of curing, a +0 robe; and the
                  | following spell memorised: Sting; and the following spells
                  | available to memorise: Spider Form, Ignite Poison.
     0 | D:1      | Reached XP level 1. HP: 13/13 MP: 2/2
   211 | D:1      | Reached XP level 2. HP: 20/20 MP: 3/3
   233 | D:1      | Reached skill level 1 in Fighting
   306 | D:1      | Reached skill level 1 in Armour
   332 | D:1      | Reached skill level 1 in Dodging
   522 | D:1      | Reached XP level 3. HP: 5/26 MP: 4/4
  1239 | D:2      | Reached XP level 4. HP: 25/33 MP: 5/5
  1851 | D:3      | Reached XP level 5. HP: 28/39 MP: 6/6
  2015 | D:3      | Noticed Natasha
  2033 | D:3      | Killed Natasha
  2064 | D:3      | Noticed Natasha
  2076 | D:3      | Killed Natasha
  2080 | D:3      | Noticed Natasha
  2090 | D:3      | Slain by Natasha

Illustrated notes

Levels and vault maps discovered:
D:1:      dpeg_arrival_tiny_k, layout_basic, minmay_close_crescents
D:2:      kennysheep_six_static_rooms, layout_basic
D:3:      layout_basic, hangedman_decor_clover_reticule, uniq_natasha,
          uniq_sigmund

Skill      XL: |  1  2  3  4  5 |
---------------+----------------+-----
Fighting       | 1 2 |  2.8
Armour         | 1 2 3 |  3.0
Dodging        | 1 2 |  2.5
Shields        | 3 |  3.6
Short Blades   | |  3.2
Spellcasting   | |  1.1
Poison Magic   | |  3.2
Evocations     | |  1.1

Action                     |  1- 3 |  4- 6 || total
---------------------------+-------+-------++-------
  Melee: Short sword       |   124 |       ||   124
         Mace              |    62 |    39 ||   101
         Dagger            |       |    84 ||    84
  Throw: Dart              |       |     4 ||     4
   Stab: Sleeping          |     1 |       ||     1
 Armour: Robe              |    26 |       ||    26
         Ring mail         |    28 |    47 ||    75
         Scale mail        |    20 |       ||    20
  Dodge: Dodged            |    98 |    49 ||   147
  Block: Buckler           |    47 |    21 ||    68
